 Dungeon Sprint DCSS version 0.32-a0-928-g1cae6b7ea0 (webtiles) character file.

Game seed: 13460914474095775291

93 Griffin23 the Slasher (level 4, -7/44 HPs)
             Began as a Minotaur Fighter on Apr 12, 2024.
             Killed from afar by an oklob sapling priest (19 damage)
             ... with a splash of acid
             ... in the Dungeon (Sprint IV: "Fedhas' Mad Dash").
             The game lasted 00:03:20 (528 turns).

Griffin23 the Slasher (Minotaur Fighter)             Turns: 528, Time: 00:03:21

Health: -7/44      AC:  3    Str: 23    XL:     4   Next: 36%
Magic:  3/3        EV:  8    Int:  5    God:
Gold:   36         SH:  4    Dex:  9    Spells: 3/3 levels left

rFire   . . .        a - +0 long sword
rCold   . . .        c - +0 buckler
rNeg    . . .        b - +0 scale mail
rPois   .            (helmet restricted)
rElec   .            (no cloak)
rCorr   .            (no gloves)
SInv    .            (no boots)
Will    .....        d - amulet of invisibility {+Inv} Stlth
                     (no ring)
HPRegen 0.27/turn    (no ring)
MPRegen 0.08/turn

%: no teleportation
@: corroded, very slightly contaminated
A: horns 2, retaliatory headbutt
a: Evoke Invisibility


You were in the Dungeon.
You visited 1 branch You collected 36 gold pieces.

Inventory:

Hand Weapons
 a - a +0 long sword (weapon)
Armour
 b - a +0 scale mail (worn)
 c - a +0 buckler (worn)
Jewellery
 d - the amulet of invisibility (around neck) {+Inv}
   (You found it in the Dungeon)

   [amulet of nothing]

   +Inv:      It lets you turn invisible.
Scrolls
 j - a scroll of blinking
Potions
 f - a potion of heal wounds
 g - 2 potions of haste
 h - 2 potions of magic
 i - a potion of berserk rage
 k - a potion of invisibility {unknown}


   Skills:
 + Level 5.8 Fighting
 * Level 7.0 Long Blades
 + Level 5.9 Armour
 + Level 5.9 Shields


You had 3 spell levels left.
You didn't know any spells.
Your spell library was empty.

Dungeon Overview and Level Annotations

Branches:
Dungeon (1/1)

Altars:
Cheibriados
Dithmenos
Elyvilon
Gozag
Hepliaklqana
Kikubaaqudgha
Makhleb
Nemelex Xobeh
Okawaru
Qazlal
Ru
Sif Muna
Trog
Uskayaw
Vehumet
Wu Jian
Xom
Yredelemnul
Zin
The Shining One
Beogh
Jiyva
Lugonu

Annotations:
D exclusion: oklob sapling


Innate Abilities, Weirdness & Mutations

You have a pair of horns on your head.
You reflexively headbutt those who attack you in melee.


Message History

The oklob sapling priest is lightly damaged.
The oklob sapling priest calls down the wrath of its god upon you.
Something smites you!
You hit the oklob sapling priest.
The oklob sapling priest is lightly damaged.
You flicker for a moment.
You hit the oklob sapling priest but do no damage.
The oklob sapling priest is lightly damaged.
The oklob sapling priest miscasts a cantrip.
You hit the oklob sapling priest but do no damage.
The oklob sapling priest is lightly damaged.
You hit the oklob sapling priest.
The oklob sapling priest is moderately damaged.
The oklob sapling priest calls down the wrath of its god upon you.
Something smites you!
You hit the oklob sapling priest but do no damage.
The oklob sapling priest is moderately damaged.
The oklob sapling priest spits acid at you.
The splash of acid misses you.
You hit the oklob sapling priest but do no damage.
The oklob sapling priest is moderately damaged.
You hit the oklob sapling priest but do no damage.
You headbutt the oklob sapling priest.
The oklob sapling priest is moderately damaged.
You flicker back into view.
The oklob sapling priest casts a cantrip, but nothing happens.
You slash the oklob sapling priest!
The oklob sapling priest is severely damaged.
The oklob sapling priest spits acid at you.
The splash of acid hits you!
* * * LOW HITPOINT WARNING * * *
The acid corrodes you!
You hit the oklob sapling priest but do no damage.
The oklob sapling priest is severely damaged.
You hit the oklob sapling priest but do no damage.
You headbutt the oklob sapling priest.
The oklob sapling priest is severely damaged.
The oklob sapling priest spits acid at you.
The splash of acid hits you!!
You die...

########################
....#.....#.⌠._._._._.⌠.
....'.#...'.._._@_._._..
....#.#...#..._._P_._...
########+##.._._._._._..
#._._._._._.⌠.
##############


You could see an oklob sapling priest.

Vanquished Creatures
  A scorpion (D)
  An oklob sapling (D)
  A river rat (D)
  A rat (D)
4 creatures vanquished.

Notes
Turn   | Place    | Note
-------+----------+-------------------------------------------
     0 | D        | Griffin23 the Minotaur Fighter began the quest for the Orb.
     0 | D        | Reached XP level 1. HP: 19/19 MP: 0/0
    11 | D        | Reached skill level 3 in Long Blades
    11 | D        | Reached XP level 2. HP: 26/27 MP: 1/1
    12 | D        | Reached skill level 4 in Long Blades
    21 | D        | Noticed an oklob sapling
   225 | D        | Killed an oklob sapling
   226 | D        | Reached skill level 5 in Long Blades
   226 | D        | Reached skill level 5 in Shields
   226 | D        | Reached XP level 3. HP: 35/35 MP: 2/2
   228 | D        | Noticed a scorpion
   228 | D        | Found the amulet of invisibility {+Inv}
   237 | D        | Killed a scorpion
   238 | D        | Reached skill level 5 in Fighting
   238 | D        | Reached skill level 7 in Long Blades
   238 | D        | Reached skill level 5 in Armour
   238 | D        | Reached XP level 4. HP: 6/44 MP: 3/3
   351 | D        | Found an opulent altar of Gozag.
   351 | D        | Found a hazy altar of Hepliaklqana.
   351 | D        | Found a burning altar of Makhleb.
   351 | D        | Found a sparkling altar of Nemelex Xobeh.
   351 | D        | Found a sacrificial altar of Ru.
   351 | D        | Found a shimmering blue altar of Sif Muna.
   351 | D        | Found an ornate altar of the Wu Jian Council.
   351 | D        | Found a shimmering altar of Xom.
   351 | D        | Found a basalt altar of Yredelemnul.
   352 | D        | Found a roughly hewn altar of Beogh.
   352 | D        | Found a snail-covered altar of Cheibriados.
   353 | D        | Found a viscous altar of Jiyva.
   353 | D        | Found a bloodstained altar of Trog.
   511 | D        | Found an iron altar of Okawaru.
   511 | D        | Found a shadowy altar of Dithmenos.
   511 | D        | Found a glowing silver altar of Zin.
   512 | D        | Found an ancient bone altar of Kikubaaqudgha.
   512 | D        | Found a hide-covered altar of Uskayaw.
   513 | D        | Found a stormy altar of Qazlal.
   513 | D        | Found a white marble altar of Elyvilon.
   513 | D        | Found a glowing golden altar of the Shining One.
   514 | D        | Found a corrupted altar of Lugonu.
   514 | D        | Found a radiant altar of Vehumet.
   528 | D        | Killed from afar by an oklob sapling priest

Illustrated notes

Levels and vault maps discovered:
D:        dungeon_sprint_fedhas [sprint_temple]

Skill      XL: |  1  2  3 |
---------------+----------+-----
Fighting       | 4 5 |  5.8
Long Blades    | 3 5 7 |  7.0
Armour         | 4 5 |  5.9
Shields        | 4 5 |  5.9

Action                     |  1- 3 |  4- 6 || total
---------------------------+-------+-------++-------
  Melee: Long sword        |    12 |    12 ||    24
         Headbutt          |     2 |     3 ||     5
Ability: Evoke Invisibilit |       |     1 ||     1
    Use: Potion            |     1 |     1 ||     2
 Armour: Scale mail        |     9 |     4 ||    13
  Dodge: Dodged            |     5 |     2 ||     7
  Block: Buckler           |     1 |       ||     1

Table legend: (Time is in decaauts)
 A = Elapsed time spent in this place.
 B = Non-inter-level travel time spent in this place.
 C = Inter-level travel time spent in this place.
 D = Time resting spent in this place.
 E = Time spent auto-exploring this place.
 F = Levels seen in this place.
 G = Mean time per level.
                   A        B        C        D        E       F      G
               +--------+--------+--------+--------+--------+-----+--------+
         Total |    530 |    530 |      0 |    434 |      0 |   1 |  530.0 |
       Dungeon |    530 |    530 |      0 |    434 |      0 |   1 |  530.0 |
               +--------+--------+--------+--------+--------+-----+--------+

Top non-repeatable levels by time:
       D: 530 daAuts
